 Dungeon Crawl Stone Soup version 0.31-a0-128-g25add195a6 (webtiles) character file.

Game seed: 5677063639017038967

117 Barriton the Insei (level 4, -1/35 HPs)
             Began as a Draconian Transmuter on June 1, 2023.
             Splashed by a jelly's acid (3 damage)
             ... in a sewer.
             The game lasted 00:03:15 (1901 turns).

Barriton the Insei (Draconian Transmuter)           Turns: 1901, Time: 00:03:15

Health: -1/35      AC: -5    Str: 12    XL:     4   Next: 71%
Magic:  4/8        EV: 12    Int: 15    God:
Gold:   177        SH:  0    Dex: 12    Spells: 5/8 levels left

rFire   . .          .
                       - Unarmed
rCold   . . .        (no shield)
rNeg    . . .        (body armour unavailable)
rPois   .            (helmet restricted)
rElec   .            (no cloak)
rCorr   .            d - +1 pair of gloves
SInv    .            (no boots)
Will    .....        (no amulet)
Stlth   +            (no ring)
HPRegen 0.25/turn    (no ring)
MPRegen 0.11/turn

%: no passive effects
@: wereblooded, corroded, very slow
A: AC +5, unfitting armour, cold-blooded
a: no special abilities


You were in a sewer.
You visited 1 branch of the dungeon, and saw 3 of its levels.
You also visited: Sewer.

You collected 177 gold pieces.

Inventory:

Armour
 d - a +1 pair of gloves (worn)
Scrolls
 c - 2 scrolls of identify
 e - a scroll of fog
 f - a scroll of immolation {unknown}
Potions
 a - 4 potions of lignification
 b - a potion of brilliance
 g - a potion of heal wounds {unknown}


   Skills:
 + Level 1.3 Fighting
 + Level 2.6 Dodging
 + Level 0.2 Stealth
 + Level 4.0 Unarmed Combat
 + Level 2.7 Spellcasting
 + Level 2.7 Transmutations


You had 5 spell levels left.
You knew the following spells:

 Your Spells              Type           Power      Damage    Failure   Level
a - Beastly Appendage     Tmut           20%        N/A       7%          1
b - Wereblood             Tmut           10%        N/A       10%         2

Your spell library contained the following spells:

 Spells                   Type           Power      Damage    Failure   Level
 Summon Small Mammal      Summ           8%         N/A       21%         1
 Spider Form              Tmut/Pois      6%         N/A       34%         3
 Call Canine Familiar     Summ           2%         N/A       52%         3
 Summon Guardian Golem    Hex/Summ       2%         N/A       52%         3
 Ice Form                 Ice/Tmut       6%         N/A       75%         4


Dungeon Overview and Level Annotations

Branches:
Dungeon (3/15)              Sewer (1/1)

Altars:


Innate Abilities, Weirdness & Mutations

Your plain brown scales are hard. (AC +5)
You cannot fit into any form of body armour.
You are cold-blooded and may be slowed by cold attacks.


Message History

A jelly comes into view.
An endoplasm comes into view.
You enter the shallow water.
Moving in this stuff is going to be slow.
You howl as the wereblood boils in your veins!
Your magical contamination has completely faded away.
You hit the jelly. The acid corrodes you!
Your hands burn!
The jelly is lightly wounded.
The jelly barely misses you.
Your unstable footing causes you to fumble your attack.
You feel yourself speed up.
Your primal bloodlust is almost over.
The jelly hits you. The acid corrodes you!
You are splashed with acid.
The jelly barely misses you.
You punch the jelly!
Your hands burn!
The jelly is heavily wounded.
The jelly barely misses you.
Your unstable footing causes you to fumble your attack.
The jelly hits you.
You are splashed with acid!
* * * LOW HITPOINT WARNING * * *
You are too injured to fight recklessly!
Casting: Beastly Appendage (safe; 7% risk of failure)
Confirm with . or Enter, or press ? or * to list all spells.
Your blood is freshly infused with primal strength!
The jelly misses you.
You are too injured to fight recklessly!
You are too injured to fight recklessly!
You are too injured to fight recklessly!
You hit the jelly but do no damage.
Your hands burn!
* * * LOW HITPOINT WARNING * * *
The jelly is heavily wounded.
The jelly hits you.
* * * LOW HITPOINT WARNING * * *
The acid corrodes you!
You are splashed with acid.
* * * LOW HITPOINT WARNING * * *
Okay, then.
You hit the jelly but do no damage. The acid corrodes you!
Your hands burn!
* * * LOW HITPOINT WARNING * * *
You tail-slap the jelly, but do no damage.
The jelly is heavily wounded.
You hit the jelly but do no damage.
Your hands burn!
You die...

#..# #~....†..#
#.~# #~~...~..#
#.~# ##########
#~.## #### #~..#
..## ##..## .~~#
#.~.### #~.#
#....†## ##J.####
##..††.####†@~~~.##
###~~..##.J.~..~~#
##~.~.~~.###~..~.
##~~~.J## ..~~
#~..~## ~## #..~~~.
# #~.....~.
#~..#~.~~.~~
.~~~##~~.#..J


You could see a jelly and 2 endoplasms.

Vanquished Creatures
  3 adders (Sewer)
  A river rat (Sewer)
  A worm (D:2)
  A dart slug (D:3)
  2 bats (D:1)
  14 endoplasms
  5 giant cockroaches
  2 goblins
  4 hobgoblins
  2 jackals (D:1)
  8 quokkas
  9 ball pythons
  5 frilled lizards
  5 kobolds
  7 rats
69 creatures vanquished.

Notes
Turn   | Place    | Note
-------+----------+-------------------------------------------
     0 | D:1      | Barriton the Draconian Transmuter began the quest for the
                  | Orb.
     0 | D:1      | Reached XP level 1. HP: 16/16 MP: 3/3
   125 | D:1      | Reached XP level 2. HP: 23/23 MP: 3/5
   202 | D:1      | Learned a level 2 spell: Wereblood
   725 | D:2      | Reached XP level 3. HP: 28/28 MP: 4/6
   785 | D:2      | Found a faded altar of an unknown god.
   854 | D:2      | Identified the +2 great mace of the Feeding Shark {protect,
                  | Str+3 Dex+6 Stlth-}
  1614 | D:3      | Found a glowing drain.
  1647 | Sewer    | Entered a sewer
  1683 | Sewer    | Reached XP level 4. HP: 35/35 MP: 3/7
  1891 | Sewer    | Reached skill level 4 in Unarmed Combat
  1901 | Sewer    | Splashed by a jelly's acid

Illustrated notes

Levels and vault maps discovered:
D:1:      co_arrival_random_square_maze, layout_rooms,
          corexii_item_surrounded_by_moat, grunt_decor_mini_mirrors
D:2:      layout_basic, shapermc_ecumenical_altar_mp_urbaneastern,
          corexii_leaking_fountain, minivault_27
D:3:      layout_loops_cross, portal_sewer_entry_f
Sewer:    sewer_hellmonk_slimy_pipes

Skill      XL: |  1  2  3  4 |
---------------+-------------+-----
Dodging        | 2 |  2.6
Unarmed Combat | 4 |  4.0
Fighting       | |  1.3
Stealth        | |  0.2
Spellcasting   | |  2.7
Transmutations | |  2.7

Action                     |  1- 3 |  4- 6 || total
---------------------------+-------+-------++-------
  Melee: Unarmed           |   131 |    47 ||   178
         Kick              |    23 |     8 ||    31
         Tailslap          |    12 |     5 ||    17
         Headbutt          |    11 |     6 ||    17
         Punch             |     3 |     1 ||     4
   Cast: Beastly Appendage |    27 |     6 ||    33
         Wereblood         |     3 |     4 ||     7
    Use: Scroll            |     5 |       ||     5
   Stab: Sleeping          |     2 |       ||     2
 Armour: Skin              |    55 |    30 ||    85
  Dodge: Dodged            |    85 |    31 ||   116

Table legend: (Time is in decaauts)
 A = Elapsed time spent in this place.
 B = Non-inter-level travel time spent in this place.
 C = Inter-level travel time spent in this place.
 D = Time resting spent in this place.
 E = Time spent auto-exploring this place.
 F = Levels seen in this place.
 G = Mean time per level.
                   A        B        C        D        E       F      G
               +--------+--------+--------+--------+--------+-----+--------+
         Total |   1905 |   1884 |     21 |      0 |   1479 |   4 |  476.2 |
       Dungeon |   1642 |   1621 |     21 |      0 |   1319 |   3 |  547.3 |
         Sewer |    263 |    263 |      0 |      0 |    160 |   1 |  263.0 |
               +--------+--------+--------+--------+--------+-----+--------+

Top non-repeatable levels by time:
     D:2: 704 daAuts
     D:1: 679 daAuts
   Sewer: 263 daAuts
     D:3: 258 daAuts
